Map: Abiogenesis LE

Players

fruitcake

  • Race: Protoss Protoss
  • Spawn Location: 5:00

A.I. 1 (Very Hard) - Winner!

  • Race: Zerg Zerg
  • Spawn Location: 11:00

VOD

Have the link to the VOD?

Description

Time

  • Played on: May 6, 2018, 8:46 a.m.
  • Length: 20:16
Show
View Real Time Build Order
Export as new Build Order

fruitcake Protoss 

Build Orders:  

Get SALT Encoding   

  1  0:00  Probe  
  12  0:05  Probe  
  14  0:22  Pylon  
  14  0:26  Assimilator  
  14  0:28  Probe  
  15  0:44  Gateway  
  15  0:45  Probe  
  16  0:57  Probe  
  16  1:01  Assimilator  
  17  1:07  Probe  
  18  1:14  Forge  
  18  1:15  Probe  
  18  1:23  Pylon  
  19  1:26  Probe  
  20  1:33  Zealot  
  22  1:45  Cybernetics Core  
  22  1:52  Probe  
  23  1:55  Zealot  
  23  2:04  Probe  
  26  2:17  Gateway  
  26  2:29  Pylon  
  26  2:43  Robotics Facility  
  26  2:48  Protoss Ground Weapons Level 1  
  26  2:50  Stalker  
  28  2:52  Warp Gate  
  28  3:07  Stalker  
  30  3:20  Stalker  
  32  3:27  Pylon  
  32  3:37  Stalker  
  34  3:50  Stalker  
  36  3:55  Nexus  
  36  4:13  Immortal  
  40  4:19  Pylon  
  40  4:28  Stalker  
  42  4:42  Stargate  
  42  4:55  Immortal  
  42  4:59  Probe  
  47  5:07  Pylon  
  47  5:14  Stalker  
  49  5:21  Probe  
  49  5:24  Shield Battery  
  49  5:25  Probe  
  50  5:34  Protoss Ground Armor Level 1  
  51  5:52  Probe  
  51  5:53  Probe  
  53  5:57  Assimilator  
  53  6:03  Pylon  
  53  6:04  Probe x2  
  55  6:11  Void Ray  
  55  6:12  Probe  
  60  6:27  Pylon  
  60  6:33  Gateway  
  60  6:37  Immortal  
  64  6:52  Protoss Air Weapons Level 1  
  64  6:54  Void Ray  
  68  7:07  Probe  
  68  7:08  Stalker x2  
  70  7:11  Probe  
  74  7:21  Assimilator  
  74  7:24  Shield Battery  
  74  7:30  Pylon  
  75  7:37  Probe, Immortal  
  75  7:41  Probe  
  80  7:51  Void Ray  
  84  7:53  Probe  
  85  8:04  Protoss Shields Level 1  
  85  8:05  Probe  
  90  8:33  Void Ray  
  84  8:49  Stalker x3  
  72  9:02  Immortal  
  72  9:07  Probe  
  73  9:16  Void Ray  
  77  9:22  Stalker  
  71  9:41  Immortal  
  75  9:47  Probe  
  76  9:56  Protoss Air Armor Level 1  
  76  9:58  Void Ray  
  80  10:04  Nexus  
  80  10:09  Stalker  
  80  10:10  Stalker  
  80  10:13  Immortal  
  88  10:25  Twilight Council  
  88  10:47  Zealot x3  
  94  10:50  Protoss Ground Weapons Level 2, Immortal  
  98  10:57  Probe x2  
  100  11:09  Probe  
  101  11:16  Void Ray  
  101  11:17  Pylon  
  105  11:20  Pylon  
  105  11:26  Pylon  
  105  11:30  Charge  
  105  11:35  Zealot, Probe  
  105  11:38  Probe  
  105  11:39  Probe  
  110  11:43  Probe  
  110  11:50  Probe  
  110  11:51  Probe  
  110  11:53  Assimilator, Probe  
  118  12:01  Immortal  
  118  12:03  Probe x2  
  120  12:09  Probe  
  121  12:16  Assimilator  
  121  12:21  Probe  
  122  12:33  Probe  
  123  12:41  Immortal  
  127  12:46  Probe  
  127  12:50  Protoss Ground Armor Level 2  
  128  12:58  Probe  
  129  13:03  Stalker x2  
  129  13:04  Stalker  
  135  13:10  Pylon  
  135  13:16  Pylon  
  135  13:20  Gateway  
  135  13:24  Gateway  
  135  13:25  Immortal  
  135  13:29  Zealot x2  
  135  13:30  Zealot  
  135  13:32  Void Ray  
  135  13:33  Gateway  
  145  13:40  Gateway  
  145  13:42  Gateway  
  149  13:55  Probe  
  150  14:02  Immortal  
  150  14:07  Probe  
  155  14:15  Resonating Glaives  
  155  14:22  Stalker  
  138  14:41  Stalker x2, Immortal  
  120  14:50  Stalker  
  106  15:04  Void Ray  
  94  15:21  Stalker x2  
  94  15:22  Stalker  
  88  15:30  Immortal  
  90  15:47  Void Ray  
  94  15:54  Nexus  
  94  16:06  Immortal  
  98  16:23  Probe x2  
  100  16:30  Void Ray, Stalker x2  
  100  16:31  Stalker x4  
  116  16:37  Immortal  
  120  16:48  Robotics Facility  
  120  16:50  Robotics Facility  
  120  16:59  Blink  
  120  17:00  Probe x3  
  123  17:01  Stalker  
  123  17:02  Stalker x5  
  123  17:05  Phoenix  
  123  17:06  Protoss Ground Weapons Level 3  
  123  17:08  Immortal  
  141  17:28  Phoenix  
  141  17:35  Sentry x5  
  141  17:36  Sentry  
  155  17:40  Immortal  
  155  17:47  Assimilator  
  155  17:49  Phoenix  
  155  17:51  Assimilator  
  161  18:08  Phoenix  
  161  18:11  Nexus  
  146  18:26  Stalker x2  
  146  18:27  Stalker x4  
  84  18:57  Stalker x5  
  78  19:05  Immortal  
  72  19:25  Zealot  
  72  19:26  Zealot  
  72  19:27  Zealot  
  72  19:28  Zealot  
  72  19:29  Zealot  
  72  19:31  Zealot  
  76  19:47  Zealot  
  63  19:55  Zealot  
  63  19:56  Zealot  
  43  20:04  Zealot, Stalker  
  43  20:05  Stalker  
  29  20:11  Stalker  
Show
View Real Time Build Order
Export as new Build Order

A.I. 1 (Very Hard) Zerg - Winner!

Build Orders: Pool First 

Get SALT Encoding   

  12  0:00  Drone  
  13  0:12  Overlord  
  13  0:17  Drone  
  14  0:30  Drone x2  
  14  0:34  Drone  
  17  0:49  Spawning Pool  
  16  0:50  Drone  
  17  1:12  Hatchery  
  17  1:15  Drone  
  17  1:18  Extractor  
  16  1:21  Drone  
  16  1:25  Extractor  
  16  1:27  Drone  
  16  1:31  Drone  
  18  1:38  Drone  
  19  1:49  Overlord  
  19  1:59  Queen  
  21  2:05  Zergling x2  
  22  2:11  Drone  
  23  2:26  Queen  
  25  2:32  Drone  
  26  2:37  Drone  
  26  2:42  Drone  
  28  2:45  Drone  
  29  3:02  Drone, Roach Warren  
  29  3:06  Drone  
  29  3:08  Zergling x2  
  29  3:12  Zergling x2  
  32  3:17  Overlord  
  32  3:21  Drone  
  32  3:23  Drone  
  34  3:42  Roach  
  34  3:43  Roach x2  
  34  3:44  Roach  
  34  3:48  Lair  
  42  3:52  Overlord  
  42  3:57  Overlord  
  42  4:01  Zergling x2  
  43  4:04  Zergling x2  
  44  4:10  Zergling x2, Drone  
  44  4:11  Drone  
  44  4:14  Drone  
  44  4:16  Drone  
  49  4:19  Drone  
  49  4:23  Roach  
  52  4:26  Roach  
  52  4:31  Overlord  
  54  4:39  Drone  
  54  4:41  Drone  
  54  4:43  Drone  
  54  4:45  Drone  
  58  4:48  Overlord  
  58  4:49  Infestation Pit  
  58  4:51  Drone  
  58  4:55  Overlord  
  58  4:59  Roach  
  60  5:04  Hydralisk Den  
  59  5:08  Drone  
  59  5:10  Drone  
  59  5:12  Drone  
  62  5:14  Drone  
  62  5:16  Drone  
  62  5:18  Drone  
  62  5:20  Drone  
  66  5:22  Drone  
  66  5:23  Drone  
  66  5:25  Drone  
  66  5:28  Drone  
  70  5:29  Drone  
  70  5:31  Drone  
  70  5:34  Hydralisk, Infestor  
  76  5:39  Overlord  
  76  5:41  Hydralisk  
  78  5:43  Hydralisk  
  78  5:46  Hydralisk  
  78  5:49  Roach  
  84  5:57  Hydralisk, Infestor  
  84  5:58  Ravager, Overlord  
  84  6:00  Roach  
  84  6:01  Ravager  
  92  6:11  Extractor  
  92  6:14  Roach, Extractor  
  92  6:16  Hydralisk x3, Overlord  
  98  6:33  Infestor  
  98  6:34  Drone, Overlord  
  98  6:35  Drone x2  
  98  6:37  Drone x2  
  105  6:48  Infestor  
  105  6:50  Drone, Evolution Chamber  
  105  6:52  Roach, Overlord  
  109  6:58  Evolution Chamber  
  109  6:59  Drone  
  109  7:01  Drone, Evolution Chamber, Metabolic Boost  
  108  7:07  Spine Crawler  
  108  7:08  Drone  
  109  7:11  Spine Crawler  
  109  7:12  Drone  
  109  7:16  Zerg Melee Weapons Level 1  
  109  7:18  Overseer  
  109  7:25  Zerg Missile Weapons Level 1  
  109  7:39  Zerg Ground Armor Level 1  
  109  7:41  Roach, Overlord  
  109  7:44  Roach  
  113  7:46  Roach  
  113  7:50  Spore Crawler, Hydralisk  
  116  7:51  Spore Crawler  
  116  7:55  Hydralisk  
  117  8:00  Spine Crawler  
  117  8:04  Overlord  
  116  8:11  Lurker Den  
  116  8:12  Drone  
  116  8:29  Hatchery  
  116  8:32  Zergling x4  
  116  8:33  Zergling x12  
  116  8:34  Zergling x4  
  119  8:38  Hive, Drone, Spine Crawler  
  101  8:53  Roach  
  85  8:56  Roach  
  85  8:58  Roach  
  85  9:00  Roach  
  73  9:04  Hydralisk  
  73  9:08  Hydralisk  
  77  9:16  Overseer  
  77  9:27  Infestor  
  77  9:29  Zergling x2  
  77  9:30  Roach x3, Zergling x2  
  77  9:31  Roach, Zergling x2  
  87  9:33  Zergling x2  
  87  9:34  Zergling x2  
  87  9:35  Zergling x2  
  87  9:36  Zergling x2  
  87  9:37  Zergling x2  
  87  9:38  Zergling x2  
  87  9:41  Zergling x2, Drone, Queen, Infestor  
  92  9:48  Drone  
  92  9:49  Extractor  
  92  9:51  Drone  
  92  9:52  Drone  
  94  9:53  Hydralisk, Extractor  
  94  9:54  Drone x2  
  94  9:58  Viper, Hydralisk  
  94  9:59  Drone x2  
  104  10:02  Drone  
  104  10:04  Drone  
  106  10:07  Ravager  
  106  10:10  Drone  
  106  10:12  Drone  
  109  10:14  Drone  
  109  10:16  Ravager  
  109  10:21  Drone  
  112  10:23  Drone  
  112  10:25  Roach, Drone, Hydralisk  
  112  10:26  Hydralisk  
  120  10:31  Roach, Drone, Overlord  
  120  10:33  Drone  
  120  10:34  Drone  
  125  10:37  Drone  
  125  10:41  Lurker  
  127  10:43  Drone  
  127  10:44  Hydralisk  
  127  10:48  Roach  
  132  10:50  Lurker  
  132  10:54  Overlord  
  132  10:55  Hydralisk  
  135  10:57  Roach, Hydralisk, Infestor  
  135  11:02  Infestor  
  143  11:04  Roach  
  145  11:11  Hydralisk  
  145  11:12  Roach, Overlord  
  149  11:20  Viper  
  152  11:29  Zerg Melee Weapons Level 2  
  152  11:30  Overlord  
  152  11:39  Zerg Missile Weapons Level 2  
  152  11:41  Spine Crawler  
  152  11:43  Spore Crawler  
  150  11:48  Overlord  
  150  11:53  Zerg Ground Armor Level 2, Spine Crawler  
  149  11:55  Spine Crawler  
  149  11:56  Spine Crawler  
  147  12:06  Queen  
  149  12:10  Hydralisk x2  
  149  12:14  Hatchery  
  152  12:33  Spore Crawler  
  152  12:35  Spore Crawler  
  152  12:36  Drone  
  151  12:37  Spore Crawler  
  151  12:38  Drone  
  151  12:40  Spine Crawler  
  151  12:42  Drone  
  151  12:46  Hydralisk  
  151  12:47  Zergling x2  
  151  12:49  Spire  
  152  13:11  Drone, Spine Crawler  
  152  13:13  Spore Crawler  
  152  13:15  Overseer  
  152  13:16  Spine Crawler  
  152  13:17  Drone  
  152  13:19  Spore Crawler  
  150  13:21  Drone  
  150  13:25  Overseer  
  151  13:28  Drone x4  
  151  13:29  Drone x5, Overlord  
  151  13:30  Drone x3  
  151  13:31  Drone x3  
  151  13:32  Drone x3  
  169  13:41  Extractor  
  169  13:43  Drone  
  169  13:49  Pneumatized Carapace, Overlord  
  169  13:59  Zerg Melee Weapons Level 3  
  169  14:00  Spine Crawler  
  169  14:01  Mutalisk x5, Drone  
  169  14:02  Mutalisk x2  
  183  14:04  Mutalisk  
  183  14:08  Extractor  
  183  14:09  Drone  
  185  14:13  Zerg Missile Weapons Level 3  
  185  14:19  Spore Crawler  
  185  14:20  Hydralisk x3  
  185  14:21  Drone, Hydralisk  
  193  14:27  Zergling x2, Hydralisk x3  
  193  14:29  Zergling x2  
  193  14:30  Zergling x6  
  193  14:31  Zergling x6  
  199  14:32  Mutalisk, Zergling x2  
  199  14:33  Mutalisk, Zergling x2  
  199  14:35  Roach x2  
  199  14:37  Roach  
  199  14:38  Roach x2  
  199  14:41  Hydralisk x2  
  199  14:42  Hydralisk  
  199  14:43  Roach  
  199  14:44  Roach  
  185  14:46  Roach  
  185  14:47  Hydralisk  
  185  14:50  Hydralisk  
  185  14:52  Hydralisk  
  163  14:54  Hydralisk  
  163  14:56  Hydralisk  
  163  14:59  Roach  
  158  15:04  Infestor  
  156  15:11  Zergling x2, Ravager  
  156  15:12  Roach, Zergling x2, Ravager  
  156  15:14  Roach, Zergling x2  
  151  15:15  Zergling x2  
  151  15:16  Zergling x4  
  151  15:17  Zergling x2, Infestor  
  151  15:18  Roach  
  151  15:19  Roach, Zergling x2  
  151  15:20  Zergling x2  
  158  15:22  Roach  
  158  15:23  Zergling x2  
  147  15:29  Hydralisk  
  147  15:30  Roach, Hydralisk  
  147  15:31  Lurker  
  147  15:32  Roach  
  147  15:33  Roach  
  147  15:35  Roach  
  146  15:39  Spine Crawler  
  146  15:40  Drone  
  146  15:41  Spine Crawler  
  146  15:42  Roach  
  147  15:43  Drone  
  147  15:45  Hydralisk  
  147  15:47  Hydralisk  
  152  15:50  Hydralisk  
  152  15:51  Lurker  
  152  15:53  Hydralisk  
  157  16:04  Viper  
  160  16:16  Viper, Overlord  
  160  16:17  Spore Crawler  
  162  16:20  Spore Crawler  
  162  16:21  Spore Crawler  
  160  16:33  Spine Crawler  
  160  16:34  Mutalisk x2  
  160  16:35  Spore Crawler  
  160  16:37  Hatchery  
  160  16:38  Mutalisk  
  163  16:44  Mutalisk  
  165  17:03  Zerg Ground Armor Level 3  
  165  17:08  Spore Crawler  
  164  17:09  Glial Reconstitution  
  164  17:15  Zergling x2  
  165  17:21  Adrenal Glands  
  165  17:31  Zergling x2, Spine Crawler  
  165  17:33  Spore Crawler  
  165  17:36  Hydralisk  
  166  17:45  Ravager  
  166  17:47  Roach, Overlord  
  166  17:50  Drone, Queen  
  166  17:51  Drone x4  
  174  17:52  Ravager, Drone x3  
  174  17:53  Roach, Drone  
  174  17:55  Roach  
  174  17:57  Roach  
  189  17:58  Roach  
  189  17:59  Extractor  
  189  18:00  Roach, Drone  
  189  18:01  Roach  
  189  18:03  Roach  
  189  18:05  Hydralisk  
  195  18:07  Spore Crawler  
  195  18:08  Drone x2, Hatchery, Hydralisk  
  195  18:09  Extractor  
  195  18:11  Drone  
  199  18:18  Hydralisk  
  199  18:22  Hydralisk  
  199  18:23  Hydralisk  
  199  18:24  Mutalisk  
  196  18:27  Zergling x2  
  196  18:28  Zergling x2  
  196  18:29  Zergling x2  
  196  18:32  Zergling x4  
  196  18:33  Zergling x4  
  196  18:34  Burrow  
  199  18:37  Lurker  
  199  18:39  Zergling x4  
  197  18:41  Spore Crawler, Infestor  
  197  18:42  Lurker, Drone  
  183  18:58  Pathogen Glands  
  183  19:01  Roach  
  183  19:02  Roach  
  185  19:03  Roach, Zergling x2  
  185  19:04  Roach  
  185  19:06  Hydralisk  
  185  19:08  Hydralisk  
  186  19:10  Hydralisk  
  186  19:13  Hydralisk  
  186  19:15  Hydralisk  
  188  19:17  Hydralisk  
  188  19:19  Hydralisk  
  188  19:20  Mutalisk, Queen, Infestor  
  198  19:27  Mutalisk  
  198  19:28  Extractor  
  199  19:32  Drone, Extractor  
  199  19:35  Drone  
  199  19:36  Zergling x2  
  199  19:37  Zergling x4  
  199  19:38  Zergling x2, Hatchery  
  199  19:39  Mutalisk x2, Zergling x2, Drone  
  199  19:42  Hydralisk  
  198  19:46  Zergling x2  
  198  19:47  Mutalisk, Zergling x2  
  198  19:48  Mutalisk  
  184  20:01  Drone, Spine Crawler  
  184  20:03  Spine Crawler  
Tags
 
Add a new tag
Caveats
  • Supply blocks, unpowered buildings, or Contaminate may cause inaccurate times.
  • Supply counts are checked every 10 seconds.